Map: Celestial Enclave LE

Players

PrinceAbubu - Winner!

  • Race: Zerg Zerg
  • League: Diamond
  • Spawn Location: 7:00

GAMEL

  • Race: Terran Terran
  • League: Diamond
  • Spawn Location: 1:00

VOD

Have the link to the VOD?

Description

Time

  • Played on: Dec. 16, 2025, 4:03 p.m.
  • Length: 13:47
Show
View Real Time Build Order
Export as new Build Order

PrinceAbubu Zerg - Winner!

Build Orders: Hatch First, Brood Lord Corruptor 

Get SALT Encoding   

  12  0:00  Drone  
  13  0:08  Drone  
  14  0:14  Extractor  
  14  0:15  Drone  
  15  0:22  Overlord  
  15  0:41  Drone  
  16  0:46  Hatchery  
  16  0:49  Drone  
  16  0:52  Drone  
  18  0:57  Drone  
  18  1:05  Extractor  
  17  1:12  Spawning Pool  
  17  1:14  Drone  
  17  1:17  Drone  
  18  1:29  Drone  
  19  1:41  Drone  
  20  1:49  Drone  
  21  1:59  Queen x2  
  21  2:00  Zergling x4  
  27  2:09  Drone, Overlord  
  27  2:11  Metabolic Boost  
  28  2:30  Drone  
  28  2:31  Drone  
  28  2:34  Drone, Hatchery  
  30  2:47  Queen  
  30  2:49  Drone x2  
  30  2:51  Overlord  
  34  3:05  Drone x2  
  36  3:10  Overlord  
  36  3:12  Drone  
  37  3:25  Drone x7  
  44  3:35  Queen  
  46  3:45  Drone  
  47  3:50  Spore Crawler  
  47  3:54  Spore Crawler  
  45  4:14  Hatchery, Queen  
  46  4:17  Queen  
  46  4:23  Drone x10  
  58  4:25  Overlord x2  
  58  4:28  Lair  
  58  4:44  Zergling x18  
  67  4:49  Overlord  
  67  4:52  Queen  
  67  4:53  Queen  
  71  5:08  Extractor  
  71  5:10  Extractor x2, Drone x2  
  71  5:11  Drone  
  71  5:12  Drone x2  
  71  5:13  Drone  
  74  5:15  Overlord x2  
  74  5:18  Roach Warren  
  59  5:51  Drone x3  
  59  5:52  Drone x3  
  65  5:59  Extractor  
  65  6:01  Extractor  
  65  6:04  Infestation Pit  
  62  6:07  Drone x3  
  62  6:08  Drone x2  
  62  6:09  Drone  
  62  6:10  Drone x9  
  77  6:12  Queen  
  77  6:13  Queen  
  77  6:15  Glial Reconstitution  
  77  6:18  Queen  
  83  6:26  Drone  
  83  6:28  Roach  
  83  6:29  Roach x4  
  83  6:30  Overlord x2  
  83  6:31  Overlord  
  94  6:54  Roach  
  94  6:55  Roach x7  
  94  6:58  Hive  
  94  7:00  Drone  
  94  7:01  Drone, Spire  
  109  7:33  Drone x4  
  109  7:34  Drone  
  114  7:40  Drone  
  114  7:41  Evolution Chamber, Drone  
  114  7:42  Evolution Chamber  
  114  7:54  Roach x3  
  114  7:55  Overlord  
  114  7:56  Hatchery, Overlord x5  
  119  8:02  Overlord  
  119  8:03  Overlord  
  119  8:06  Drone  
  120  8:14  Drone x13  
  120  8:17  Greater Spire, Overseer  
  133  8:21  Zerg Ground Armor Level 1, Zerg Melee Weapons Level 1  
  133  8:23  Adrenal Glands  
  133  8:25  Overseer  
  133  8:52  Extractor  
  132  9:00  Corruptor x8  
  148  9:04  Viper  
  148  9:05  Viper x2  
  157  9:12  Zergling x4  
  157  9:13  Zergling x20, Overlord x2  
  169  9:24  Extractor  
  169  9:27  Extractor  
  167  9:31  Zerg Flyer Weapons Level 1  
  167  9:39  Brood Lord x3  
  173  9:51  Brood Lord x2  
  177  9:57  Zergling x12  
  177  9:58  Zergling x28  
  197  10:05  Overlord  
  197  10:26  Brood Lord  
  185  10:46  Brood Lord x2  
  185  10:47  Corruptor x2  
  185  10:48  Corruptor x5  
  186  12:24  Zergling x22  
  186  12:25  Zergling x16  
  182  12:39  Corruptor  
  182  12:40  Corruptor x8  
  176  13:02  Zergling x34  
  186  13:19  Brood Lord x4  
Show
View Real Time Build Order
Export as new Build Order

GAMEL Terran 

Build Orders: Gas First Reaper Expand, Mech 

Get SALT Encoding   

  12  0:00  SCV  
  13  0:16  SCV  
  14  0:26  Supply Depot  
  14  0:28  SCV  
  15  0:34  Refinery  
  15  0:48  SCV  
  15  0:49  Barracks  
  16  1:00  SCV  
  17  1:12  SCV  
  18  1:24  SCV  
  19  1:38  Command Center  
  19  1:39  Reaper  
  20  1:47  Supply Depot  
  20  1:56  Orbital Command  
  20  2:15  Barracks Reactor  
  20  2:16  Factory  
  20  2:23  SCV  
  21  2:35  SCV  
  22  2:49  SCV  
  23  2:53  Orbital Command, Marine  
  23  2:54  Marine  
  25  3:21  Hellion x2  
  25  3:25  SCV, Command Center  
  25  3:26  Barracks Tech Lab  
  30  3:27  Refinery  
  30  3:31  SCV  
  31  3:37  SCV  
  32  3:43  SCV  
  32  3:44  Supply Depot  
  32  3:46  Hellion x2  
  37  3:49  SCV  
  37  3:55  SCV  
  39  4:05  SCV  
  39  4:07  SCV  
  39  4:08  Barracks Tech Lab, Factory, Hellion x2  
  44  4:11  Supply Depot  
  44  4:18  SCV  
  44  4:19  SCV  
  46  4:27  Refinery  
  46  4:28  Refinery  
  46  4:33  SCV x2  
  48  4:39  Orbital Command  
  48  4:41  Hellion x2  
  48  4:45  SCV  
  53  4:49  SCV, Factory  
  54  4:53  Infernal Pre-Igniter  
  54  4:57  SCV, Siege Tank  
  58  5:01  SCV  
  59  5:09  Supply Depot  
  59  5:11  SCV x2  
  59  5:13  SCV, Marine  
  63  5:14  Hellion x2  
  63  5:32  Siege Tank  
  63  5:34  Hellion  
  63  5:35  SCV x2  
  70  5:36  Hellion  
  68  5:44  Orbital Command  
  60  5:51  SCV x2  
  62  5:59  Siege Tank  
  62  6:00  Hellion x2  
  69  6:06  SCV  
  69  6:09  Command Center, Supply Depot  
  70  6:11  SCV x2  
  70  6:15  Engineering Bay  
  70  6:18  SCV  
  73  6:19  Siege Tank  
  76  6:26  SCV  
  76  6:32  Supply Depot  
  77  6:34  SCV x2  
  77  6:38  SCV, Siege Tank  
  77  6:39  Hellion x2  
  87  6:46  SCV  
  88  6:56  SCV x2  
  90  7:11  Siege Tank x2  
  90  7:12  Hellion x2  
  100  7:19  SCV  
  100  7:20  SCV x2  
  103  7:23  Planetary Fortress  
  103  7:31  SCV  
  103  7:32  SCV  
  103  7:36  Factory x2  
  105  7:37  SCV  
  105  7:38  Factory  
  105  7:41  Refinery  
  105  7:42  Refinery  
  105  7:43  SCV  
  107  7:45  Refinery  
  107  7:49  SCV x2  
  109  8:03  Missile Turret, SCV  
  109  8:04  SCV x3  
  113  8:05  Starport  
  113  8:13  Missile Turret  
  113  8:14  Missile Turret  
  113  8:15  SCV  
  114  8:21  Missile Turret  
  114  8:26  SCV x2  
  116  8:29  Missile Turret  
  116  8:32  Supply Depot  
  116  8:33  Supply Depot  
  116  8:34  Supply Depot x3  
  116  8:35  Supply Depot  
  116  8:40  Neosteel Armor  
  116  8:44  Armory  
  116  8:45  Armory  
  116  8:46  Starport Tech Lab  
  116  8:50  Supply Depot  
  116  8:53  SCV x3, Siege Tank  
  116  8:54  Supply Depot  
  116  8:55  Siege Tank  
  125  9:00  Factory Tech Lab x2  
  125  9:01  Factory Tech Lab  
  125  9:04  Supply Depot  
  125  9:10  Missile Turret  
  125  9:11  Missile Turret  
  125  9:12  Missile Turret  
  125  9:13  Missile Turret  
  125  9:25  Raven  
  125  9:26  Siege Tank  
  130  9:35  Missile Turret  
  130  9:54  Terran Vehicle Weapons Level 1, Terran Vehicle And Ship Armor Level 1  
  130  9:56  Command Center  
  130  10:07  Thor x5  
  130  10:08  Hellion x2  
  164  10:20  Hi-Sec Auto Tracking  
  157  10:45  Hellion x2  
  157  10:49  Thor  
  147  10:50  Hellion  
  155  11:02  Hellion  
  155  11:03  Hellion x2  
  161  11:04  Supply Depot  
  161  11:06  Supply Depot, Hellion x2  
  165  11:20  Command Center x2  
  165  11:25  Smart Servos  
  161  12:02  Thor  
  97  12:41  Thor x4  
  97  12:42  Hellion x2  
  119  12:55  Hellion  
  114  13:03  Hellion  
  88  13:24  Hellion x2  
Tags
 
Add a new tag
Caveats
  • Supply blocks, unpowered buildings, or Contaminate may cause inaccurate times.
  • Supply counts are checked every 10 seconds.